 Dungeon Crawl Stone Soup version 0.32-a0-799-g95e1662365 (webtiles) character file.

Game seed: 12141641958180236395

1134 smashvw the Insei (level 8, -3/60 HPs)
             Began as a Gnoll Shapeshifter on Mar 22, 2024.
             Slain by Maggie
             ... wielding a +0 broad axe of distortion
              (9 damage)
             ... on level 6 of the Dungeon.
             The game lasted 00:09:10 (4116 turns).

smashvw the Insei (Gnoll Shapeshifter)              Turns: 4116, Time: 00:09:11

Health: -3/60      AC: 14    Str: 20    XL:     8   Next: 36%
Magic:  13/13      EV:  7    Int:  9    God:
Gold:   249        SH:  0    Dex: 14    Spells: 13/13 levels left

rFire   . . .        s - +6 shillelagh "Devastator" {shatter}
rCold   . . .        (no shield)
rNeg    . . .        q - +0 plate armour
rPois   .            k - +0 helmet
rElec   .            n - +0 cloak
rCorr   .            y - +0 pair of gloves
SInv    +            (no boots)
Will    .....        (no amulet) Stlth
                     r - +6 ring of strength
HPRegen 0.30/turn    (no ring)
MPRegen 0.13/turn

%: no passive effects
@: no status effects
A: fangs 1, strong nose, distributed training
a: no special abilities


You were on level 6 of the Dungeon.
You visited 1 branch of the dungeon, and saw 6 of its levels.

You collected 249 gold pieces.

Inventory:

Hand Weapons
 h - a +1 dagger of venom
 o - a +1 sling of draining
 s - the +6 shillelagh "Devastator" (weapon) {shatter}
   (You found it on level 3 of the Dungeon)
Missiles
 g - 39 stones (quivered)
 t - 3 boomerangs
 C - 10 poisoned darts
Armour
 k - a +0 helmet (worn)
 n - a +0 cloak (worn)
 p - the +0 leather armour of Zappena {rF+ Str+3}
   (You took it off a hobgoblin on level 2 of the Dungeon)

   Str+3:     It affects your strength (+3).
   rF+:       It protects you from fire.
 q - a +0 plate armour (worn)
 y - a +0 pair of gloves (worn)
Jewellery
 r - a +6 ring of strength (left hand)
Talismans
 c - a beast talisman
 d - a flux talisman
Wands
 x - a wand of paralysis (10)
Scrolls
 f - 6 scrolls of identify {unknown}
 j - a scroll of enchant weapon {unknown}
 l - a scroll of silence {unknown}
 m - a scroll of enchant armour {unknown}
 u - a scroll of blinking {unknown}
 v - 3 scrolls of amnesia {unknown}
 z - 4 scrolls of noise
 B - a scroll of vulnerability {unknown}
Potions
 a - a potion of heal wounds {unknown}
 b - a potion of lignification
 e - a potion of attraction {unknown}
 w - a potion of enlightenment {unknown}
 A - a potion of berserk rage {unknown}
 D - a potion of resistance {unknown}


   Skills:
 + Level 4.2 Fighting
 + Level 3.3 Short Blades
 + Level 3.3 Long Blades
 + Level 3.3 Axes
 + Level 3.3 Maces & Flails
 + Level 3.3 Polearms
 + Level 3.3 Staves
 + Level 3.3 Ranged Weapons
 + Level 3.3 Throwing
 + Level 3.3 Armour
 + Level 5.7 Dodging
 + Level 3.3 Stealth
 + Level 3.3 Shields
 + Level 7.4 Unarmed Combat
 + Level 3.3 Spellcasting
 + Level 2.7 Conjurations
 + Level 2.7 Hexes
 + Level 2.7 Summonings
 + Level 2.7 Necromancy
 + Level 2.7 Translocations
 + Level 2.7 Fire Magic
 + Level 2.7 Ice Magic
 + Level 2.7 Air Magic
 + Level 2.7 Earth Magic
 + Level 2.7 Alchemy
 + Level 3.6 Invocations
 + Level 3.3 Evocations
 + Level 7.2 Shapeshifting


You had 13 spell levels left.
You didn't know any spells.
Your spell library contained the following spells:

 Spells                   Type           Power      Damage    Failure   Level
 Apportation              Tloc           12%        N/A       96%         1
 Kiss of Death            Conj/Necr      24%        2d7       96%         1
 Necrotise                Necr           24%        1d5       96%         1
 Sting                    Conj/Alch      24%        1d4       96%         1
 Summon Small Mammal      Summ           24%        N/A       96%         1
 Confusing Touch          Hex            6%         N/A       100%        3
 Summon Ice Beast         Ice/Summ       6%         N/A       100%        3
 Dispel Undead            Necr           6%         3d8       100%        4
 Summon Mana Viper        Hex/Summ       6%         N/A       100%        5
 Monstrous Menagerie      Summ           3%         N/A       100%        7


Dungeon Overview and Level Annotations

Branches:
Dungeon (6/15)
 Temple: D:4-7

Altars:
Ashenzari
Uskayaw
Vehumet
Xom
The Shining One

Shops:
D:5 =   D:6 (

Annotations:
D:3 2 transporters, Hsik's ghost, amateur OnWr
D:6 Maggie; Pikel


Innate Abilities, Weirdness & Mutations

You have very sharp teeth.
Your uncanny sense of smell can sniff out nearby items.
Your experience applies equally to all skills.


Message History

You hit the lemure.
The lemure shudders.
You kill the lemure!
That felt strangely unrewarding.
You hear a shout! x2
Pikel, Merchant of Souls comes into view.
He is wielding a +1 whip of flaming and carrying a wand of mindburst.
Pikel shouts!
You hear a shout!
Pikel zaps a wand.
Your mind is blasted!
A lemure and Maggie come into view.
Maggie is wielding a +0 broad axe of distortion.
Maggie shouts!
A sleepcap comes into view.
The lemure moves out of view.
Okay, then.
You closely miss Pikel. You bite Pikel, but do no damage.
Pikel hits you with a +1 whip of flaming!
Pikel burns you.
You sock Pikel!
Pikel and Maggie shudder.
Pikel is heavily wounded.
Maggie is moderately wounded.
You bite Pikel, but do no damage.
Pikel is heavily wounded.
Pikel zaps a wand.
Your mind is blasted!
* * * LOW HITPOINT WARNING * * *
Okay, then.
Okay, then.
As you read the scroll labelled ABLISS RAIFFA, it crumbles to dust.
You hear a loud clanging noise!
It was a scroll of noise.
You hear a shout! x2
Pikel says, "It's all about the gold, really."
Pikel hits you with a +1 whip of flaming.
* * * LOW HITPOINT WARNING * * *
Pikel burns you.
* * * LOW HITPOINT WARNING * * *
As you read the scroll labelled QOUN LOARPH, it crumbles to dust.
You feel aware of your surroundings.
It was a scroll of revelation. 2 lemures come into view.
Pikel barely misses you.
Maggie hits you with a +0 broad axe of distortion!
You die...

,* #.#.# **,* *,,,,,,,,*
** ##.#.#####.###.......,*
*###.∩#.....#.###.......,*
*#..........#.###.5.....,*
#..........#.###.5.....,*
*#..........#.####5#####**
##.<........#..###f#####
............##.##K.#####
##..............@@######
.....................###
###.........##.......###
#.........######...###
##.....^.#############
#.........############
#.........############
#.........############
#.........#


You could see Maggie, Pikel, 3 lemures and a sleepcap.

Vanquished Creatures
  An ice beast (D:5)
  A sky beast (D:6)
  An ogre (D:5)
  A black bear (D:4)
  2 phantoms
  A lemure (D:6)
  A scorpion (D:5)
  A bombardier beetle (D:5)
  2 jellies
  A hound (D:4)
  2 orc priests
  Jessica (D:3)
  2 iguanas (D:5)
  3 orc wizards
  Robin (D:4)
  5 gnolls
  5 adders
  A shadow imp (D:5)
  2 white imps (D:5)
  2 dart slugs (D:4)
  2 ribbon worms
  7 orcs
  8 endoplasms
  16 goblins
  13 hobgoblins
  A quokka (D:3)
  10 ball pythons
  5 bats
  2 frilled lizards
  4 kobolds
  5 rats
109 creatures vanquished.

Notes
Turn   | Place    | Note
-------+----------+-------------------------------------------
     0 | D:1      | smashvw the Gnoll Shapeshifter began the quest for the Orb.
     0 | D:1      | Reached XP level 1. HP: 17/17 MP: 1/1
   191 | D:1      | Reached XP level 2. HP: 21/23 MP: 2/2
   333 | D:1      | Reached XP level 3. HP: 28/28 MP: 3/3
  1041 | D:2      | Reached skill level 1 in Invocations
  1146 | D:2      | Identified the +0 leather armour of Zappena {rF+ Str+3}
  1363 | D:2      | Reached skill level 1 in Short Blades
  1363 | D:2      | Reached skill level 1 in Long Blades
  1363 | D:2      | Reached skill level 1 in Axes
  1363 | D:2      | Reached skill level 1 in Maces & Flails
  1363 | D:2      | Reached skill level 1 in Polearms
  1363 | D:2      | Reached skill level 1 in Staves
  1363 | D:2      | Reached skill level 1 in Ranged Weapons
  1363 | D:2      | Reached skill level 1 in Throwing
  1363 | D:2      | Reached skill level 1 in Armour
  1363 | D:2      | Reached skill level 1 in Stealth
  1363 | D:2      | Reached skill level 1 in Shields
  1363 | D:2      | Reached skill level 1 in Spellcasting
  1363 | D:2      | Reached skill level 1 in Evocations
  1515 | D:3      | Found the +6 shillelagh "Devastator" {shatter}
  1605 | D:3      | Reached XP level 4. HP: 32/34 MP: 5/5
  1668 | D:3      | Reached skill level 1 in Conjurations
  1668 | D:3      | Reached skill level 1 in Hexes
  1668 | D:3      | Reached skill level 1 in Summonings
  1668 | D:3      | Reached skill level 1 in Necromancy
  1668 | D:3      | Reached skill level 1 in Translocations
  1668 | D:3      | Reached skill level 1 in Fire Magic
  1668 | D:3      | Reached skill level 1 in Ice Magic
  1668 | D:3      | Reached skill level 1 in Air Magic
  1668 | D:3      | Reached skill level 1 in Earth Magic
  1668 | D:3      | Reached skill level 1 in Alchemy
  1668 | D:3      | Reached XP level 5. HP: 25/41 MP: 5/7
  1679 | D:3      | Found a faded altar of an unknown god.
  1940 | D:3      | Noticed Jessica
  1946 | D:3      | Killed Jessica
  2017 | D:3      | Noticed Hsik's ghost (amateur OnWr)
  2023 | D:3      | Found a transporter.
  2029 | D:3      | Found a transporter.
  2362 | D:4      | Noticed a black bear
  2367 | D:4      | Killed a black bear
  2368 | D:4      | Reached skill level 5 in Dodging
  2368 | D:4      | Reached XP level 6. HP: 42/47 MP: 7/9
  2477 | D:4      | Found a shimmering altar of Xom.
  2480 | D:4      | Noticed Robin
  2487 | D:4      | Killed Robin
  2544 | D:4      | Found a hide-covered altar of Uskayaw.
  2544 | D:4      | Found a broken altar of Ashenzari.
  2845 | D:4      | Reached XP level 7. HP: 52/52 MP: 10/10
  3207 | D:5      | Entered Level 5 of the Dungeon
  3277 | D:5      | Found Mibiud's Jewellery Boutique.
  3325 | D:5      | Found a glowing golden altar of the Shining One.
  3586 | D:5      | Reached XP level 8. HP: 60/60 MP: 12/12
  3983 | D:5      | Found a radiant altar of Vehumet.
  4054 | D:6      | Found Gaimastu's Weapon Shop.
  4110 | D:6      | Noticed Pikel
  4112 | D:6      | Noticed Maggie
  4116 | D:6      | Slain by Maggie

Illustrated notes

Levels and vault maps discovered:
D:1:      psy_arrival_radial02, layout_basic
D:2:      layout_basic
D:3:      layout_basic, chequers_ecumenical_altar_simple_redux,
          gammafunk_ghost_stat_death, kennysheep_potato, uniq_jessica
D:4:      layout_loops_corners, grunt_temple_overflow_open,
          serial_bayou_lagoon_a, uniq_robin
D:5:      layout_loops_cross, vehumet_crystals, kennysheep_mini_moat,
          serial_shops, kennysheep_little_box, minmay_puff
D:6:      layout_rooms, serial_shops, shop, uniq_jeremiah, uniq_pikel,
          uniq_maggie

Skill      XL: |  1  2  3  4  5  6  7 |
---------------+----------------------+-----
Invocations    | 1 2 3 |  3.6
Short Blades   | 1 2 3 |  3.3
Long Blades    | 1 2 3 |  3.3
Axes           | 1 2 3 |  3.3
Maces & Flails | 1 2 3 |  3.3
Polearms       | 1 2 3 |  3.3
Staves         | 1 2 3 |  3.3
Ranged Weapons | 1 2 3 |  3.3
Throwing       | 1 2 3 |  3.3
Armour         | 1 2 3 |  3.3
Stealth        | 1 2 3 |  3.3
Shields        | 1 2 3 |  3.3
Spellcasting   | 1 2 3 |  3.3
Evocations     | 1 2 3 |  3.3
Fighting       | 3 4 |  4.2
Conjurations   | 1 2 |  2.7
Hexes          | 1 2 |  2.7
Summonings     | 1 2 |  2.7
Necromancy     | 1 2 |  2.7
Translocations | 1 2 |  2.7
Fire Magic     | 1 2 |  2.7
Ice Magic      | 1 2 |  2.7
Air Magic      | 1 2 |  2.7
Earth Magic    | 1 2 |  2.7
Alchemy        | 1 2 |  2.7
Dodging        | 5 |  5.7
Unarmed Combat | 7 |  7.4
Shapeshifting  | 7 |  7.2

Action                     |  1- 3 |  4- 6 |  7- 9 || total
---------------------------+-------+-------+-------++-------
  Melee: Unarmed           |    11 |       |       ||    11
         Bite              |     3 |     1 |     6 ||    10
         Dagger            |    32 |       |       ||    32
         Whip              |     6 |       |       ||     6
         Shillelagh        |     4 |    50 |    67 ||   121
   Fire: Sling             |    21 |       |       ||    21
  Throw: Stone             |     6 |     1 |       ||     7
         Boomerang         |       |       |     7 ||     7
    Use: Scroll            |       |       |     2 ||     2
   Stab: Sleeping          |     1 |       |       ||     1
 Armour: Animal skin       |    26 |       |       ||    26
         Plate armour      |     2 |    59 |    43 ||   104
  Dodge: Dodged            |    37 |    11 |    19 ||    67
         Form:             |       |     1 |       ||     1

Table legend: (Time is in decaauts)
 A = Elapsed time spent in this place.
 B = Non-inter-level travel time spent in this place.
 C = Inter-level travel time spent in this place.
 D = Time resting spent in this place.
 E = Time spent auto-exploring this place.
 F = Levels seen in this place.
 G = Mean time per level.
                   A        B        C        D        E       F      G
               +--------+--------+--------+--------+--------+-----+--------+
         Total |   4155 |   3980 |    175 |      0 |   3286 |   6 |  692.5 |
       Dungeon |   4155 |   3980 |    175 |      0 |   3286 |   6 |  692.5 |
               +--------+--------+--------+--------+--------+-----+--------+

Top non-repeatable levels by time:
     D:4: 896 daAuts
     D:5: 854 daAuts
     D:1: 852 daAuts
     D:3: 827 daAuts
     D:2: 660 daAuts
     D:6: 63 daAuts
